 Dungeon Crawl Stone Soup version 0.30-a0-585-g93115170b9 (webtiles) character file.

Game seed: 446851887611175986

21 MackTheKnife the Trooper (level 2, 0/27 HPs)
             Began as a Hill Orc Brigand on Jan 1, 2023.
             Slain by an adder (4 damage)
             ... on level 1 of the Dungeon.
             The game lasted 00:01:48 (549 turns).

MackTheKnife the Trooper (Hill Orc Brigand)          Turns: 549, Time: 00:01:48

Health: 0/27       AC:  4    Str: 13    XL:     2   Next: 87%
Magic:  2/2        EV: 11    Int: 11    God:
Gold:   21         SH:  0    Dex: 12    Spells: 1/1 levels left

rFire   . . .      SeeInvis .    g - +1 sling (elec)
rCold   . . .      Faith    .    (no shield)
rNeg    . . .      Spirit   .    b - +0 robe
rPois   .          Reflect  .    (no helmet)
rElec   .          Harm     .    c - +0 cloak
rCorr   .          Rampage  .    i - +0 pair of gloves
Will    .....      Rage     3%   (no boots)
Stlth   ++                       (no amulet)
HPRegen 0.24/turn                (no ring)
MPRegen 0.08/turn                (no ring)

@: lethally poisoned (0 -> -3)
A: berserk 1, sense surroundings 1
a: no special abilities


You were on level 1 of the Dungeon.
You visited 1 branch of the dungeon, and saw 2 of its levels.

You collected 21 gold pieces.


Innate Abilities, Weirdness & Mutations

You sometimes lose your temper in combat.
You passively map a small area around you.


   Skills:
 + Level 4.0 Fighting
 - Level 2.0 Short Blades
 - Level 1.7 Throwing
 - Level 0.7 Dodging
 - Level 3.2 Stealth


You had one spell level left.
You didn't know any spells.
Your spell library was empty.

Inventory:

Hand Weapons
 a - a +2 dagger {short}
 g - a +1 sling of electrocution (weapon)
   (You found it on level 1 of the Dungeon)
Missiles
 d - 7 poisoned darts (quivered) {throwing}
 h - 3 datura-tipped darts {throwing}
Armour
 b - a +0 robe (worn)
 c - a +0 cloak (worn)
 i - a +0 pair of gloves (worn)
   (You found it on level 1 of the Dungeon)
 j - a +0 scale mail
   (You found it on level 1 of the Dungeon)
 l - a +0 ring mail
   (You found it on level 1 of the Dungeon)
Scrolls
 k - a scroll of poison {unknown}
 m - 3 scrolls of blinking {unknown}

Dungeon Overview and Level Annotations

Branches:
Dungeon (2/15) Zot: 11429

Altars:

Shops:
D:1

* #...# #.#.########## #
#...####.#.##)......# #
##..........#.......# #
##.........#.......# #
#.......(.........# #
#.........#.......# #
#.........#.......# #
##.........#S......# ##
#..........#.@.....#
.###.#.....(.รท#########
...#.#######.## .#...#
#รท######### ..#..#
#.#.......# .....#
#...####..#
.....#######..###...##
..............###.###
#..###.#########..#


You could see a neutral adder (fast, strong, insane, poisoned).


Message History

You throw a curare-tipped dart {=fthrowing}.
The curare-tipped dart {=fthrowing} closely misses the adder.
You feel sick. The adder bites you.
You are more poisoned.
The adder poisons you! ๐Ÿ˜• HP[-5]
You take 5 damage, and now have 21/27 hp.
Throw: 2 darts (curare) {=fthrowing}
Press: ? - help, Q - select action, (/) - cycle Shift-Dir - straight line, f/p - adder
Aim: an adder (heavily wounded, 40% to hit)
You throw a curare-tipped dart {=fthrowing}.
The curare-tipped dart {=fthrowing} barely misses the adder.
You feel sick. The adder bites you. x2 ๐Ÿ˜ฎ HP[-4]
You take 4 damage, and now have 17/27 hp.
Throw: dart (curare) {=fthrowing}
Press: ? - help, Q - select action, (/) - cycle Shift-Dir - straight line, f/p - adder
Aim: an adder (heavily wounded, 40% to hit)
You throw a curare-tipped dart {=fthrowing}.
The curare-tipped dart {=fthrowing} barely misses the adder.
You feel sick. The adder bites you.
* * * LOW HITPOINT WARNING * * *
๐Ÿ˜จ HP[-4]
You take 4 damage, and now have 13/27 hp.
Fire: g) +1 sling (elec)
Press: ? - help, Q - select action, (/) - cycle Shift-Dir - straight line, f/p - adder
Aim: an adder (heavily wounded, 38% to hit)
You shoot a sling bullet. The sling bullet misses the adder.
You feel sick. The adder closely misses you. The adder bites you.
* * * LOW HITPOINT WARNING * * *
๐Ÿ˜จ HP[-3]
You take 3 damage, and now have 10/27 hp.
It was a potion of mutation.
You feel extremely strange.
You feel a little pissed off.
You feel a strange attunement to the structure of the dungeons.
You feel sick.
The adder barely misses you. ๐Ÿ˜จ HP[-1]
You take 1 damage, and now have 9/27 hp.
Fire: g) +1 sling (elec)
Press: ? - help, Q - select action, (/) - cycle Shift-Dir - straight line, f/p - adder
Aim: an adder (heavily wounded, 38% to hit)
You shoot a sling bullet.
The sling bullet closely misses the adder.
You feel sick. The adder completely misses you.
The adder barely misses you. ๐Ÿ˜จ HP[-1]
You take 1 damage, and now have 8/27 hp.
Throw: 4 darts (datura) {throwing}
Press: ? - help, Q - select action, (/) - cycle Shift-Dir - straight line, f/p - adder
Aim: an adder (heavily wounded, 40% to hit, chance to frenzy on hit: 100%)
You throw a datura-tipped dart {throwing}.
The datura-tipped dart {throwing} hits the adder.
The adder flies into a frenzy!
You feel sick. The adder misses you.
The adder bites you but does no damage. ๐Ÿ˜จ HP[-1]
You take 1 damage, and now have 7/27 hp.
What are your orders? t - Shout!
Orders for allies: a - Attack new target. p - Attack previous target. r - Retreat! s - Stop attacking. g - Guard the area. f - Follow me.
Anything else - Cancel.
Retreat in which direction?
Press: ? - help, Dir - move target, p - adder Fall back!
You feel sick.
You are no longer poisoned.
The adder bites you but does no damage. The adder barely misses you.
The adder closely misses you. The adder bites you.
* * * LOW HITPOINT WARNING * * *
๐Ÿ˜ฑ HP[-1]
You take 1 damage, and now have 6/27 hp.
The adder closely misses you. The adder bites you but does no damage.
You climb upwards.
There is a stone staircase leading down here. ๐Ÿ˜จ HP[+1]
Press: ? - help, v - describe, . - travel
Here: an adder (heavily wounded, fast, strong, frenzied and insane)
The floor.
Unknown command.
You aren't carrying any items that you can evoke.
Unknown command.
Throw: 9 darts (poison) {throwing}
Press: ? - help, Q - select action, (/) - cycle Shift-Dir - straight line, f - adder
Aim: an adder (heavily wounded, fast, strong, frenzied and insane, 40% to hit)
You throw a poisoned dart {throwing}.
The poisoned dart {throwing} hits the adder.
The adder is poisoned.
The adder bites you.
* * * LOW HITPOINT WARNING * * *
You are poisoned.
The adder poisons you! ๐Ÿ˜ฑ HP[-1]
You take 1 damage, and now have 6/27 hp.
Throw: 8 darts (poison) {throwing}
Press: ? - help, Q - select action, (/) - cycle Shift-Dir - straight line, f/p - adder
Aim: an adder (heavily wounded, fast, strong, frenzied and insane, poisoned, 40% to hit)
You throw a poisoned dart {throwing}.
The poisoned dart {throwing} closely misses the adder.
* * * LOW HITPOINT WARNING * * *
You feel sick. The adder bites you.
You die...

Skill      XL: |  1  2 |
---------------+-------+-----
Fighting       | 3 4 |  4.0
Short Blades   | |  2.0
Throwing       | |  1.7
Dodging        | |  0.7
Stealth        | |  3.2

Action                   || total
-------------------------++-------
 Fire: Sling             ||    54
Throw: Dart              ||     6
  Use: Potion            ||     1
Armor: Robe              ||    12
Dodge: Dodged            ||    33

Levels and vault maps discovered:
D:1:      lemuel_arrival_tunnels, layout_rooms, serial_shops, shop
D:2:      layout_loops_cross, minmay_tetromino_t2

Notes
Turn   | Place    | Note
-------+----------+-------------------------------------------
     0 | D:1      | MackTheKnife the Hill Orc Brigand began the quest for the
                  | Orb.
     0 | D:1      | Reached XP level 1. HP: 18/18 MP: 1/1
     0 | D:1      | magus.rc [v1.9.6]
   167 | D:1      | Found Zuuhu's Assorted Antiques.
   222 | D:1      | Reached skill level 3 in Fighting
   261 | D:1      | Reached XP level 2. HP: 26/26 MP: 2/2
   438 | D:1      | Reached skill level 4 in Fighting
   541 | D:2      | Gained mutation: You sometimes lose your temper in combat.
                  | [potion of mutation]
   541 | D:2      | Gained mutation: You passively map a small area around you.
                  | [potion of mutation]
   545 | D:2      | HP: 6/27 [adder (1)]
   549 | D:1      | Slain by an adder

Vanquished Creatures
  A dart slug (D:1)
  5 endoplasms (D:1)
  A giant cockroach (D:1)
  A goblin (D:1)
  3 hobgoblins (D:1)
  3 ball pythons (D:1)
  2 bats (D:1)
  A kobold (D:1)
17 creatures vanquished.

Table legend:
 A = Non-vault XP
 B = Vault XP
 C = Vault XP percentage of total XP
 D = Non-vault monster count
 E = Vault monster count
 F = Vault count percentage of total count
                 A         B        C        D         E       F
            +---------+---------+-------+---------+---------+-------
      Total |      31 |       0 |   0.0 |      17 |       0 |   0.0
            +---------+---------+-------+---------+---------+-------
        D:1 |      31 |       0 |   0.0 |      17 |       0 |   0.0
            +---------+---------+-------+---------+---------+-------

Illustrated notes

Table legend:
 A = Kills in this place as a percentage of kills in entire the game.
 B = Kills by you in this place as a percentage of kills by you in the entire game.
 C = Kills by friends in this place as a percentage of kills by friends in the entire game.
 D = Other kills in this place as a percentage of other kills in the entire game.
 E = Experience gained in this place as a percentage of experience gained in the entire game.
 F = Experience gained in this place divided by the number of levels of this place that you have seen.
                   A       B       C       D       E      F
               +-------+-------+-------+-------+-------+----------------------
         Total | 100.0 | 100.0 |   N/A |   N/A | 100.0 |  15.5
       Dungeon | 100.0 | 100.0 |   N/A |   N/A | 100.0 |  15.5
               +-------+-------+-------+-------+-------+----------------------

Table legend: (Time is in decaauts)
 A = Elapsed time spent in this place.
 B = Non-inter-level travel time spent in this place.
 C = Inter-level travel time spent in this place.
 D = Time resting spent in this place.
 E = Time spent auto-exploring this place.
 F = Levels seen in this place.
 G = Mean time per level.
                   A        B        C        D        E       F      G
               +--------+--------+--------+--------+--------+-----+--------+
         Total |    569 |    555 |     14 |     30 |    403 |   2 |  284.5 |
       Dungeon |    569 |    555 |     14 |     30 |    403 |   2 |  284.5 |
               +--------+--------+--------+--------+--------+-----+--------+

Top non-repeatable levels by time:
     D:1: 548 daAuts
     D:2: 21 daAuts
